 Dungeon Crawl Stone Soup version 0.25-a0-513-ge77a69270c (webtiles) character file.

Game seed: 3965333781961955635, levelgen mode: deterministic

13266 Error4North the Cleaver (level 12, -4/104 HPs)
             Began as a Hill Orc Fighter on Feb 16, 2020.
             Was a High Priest of Okawaru.
             Slain by an orc warrior
             ... wielding a +1 long sword of venom
              (7 damage)
             ... on level 1 of the Orcish Mines.
             The game lasted 00:54:09 (13735 turns).

Error4North the Cleaver (Hill Orc Fighter)         Turns: 13735, Time: 00:54:09

Health: -4/104     AC: 26    Str: 23    XL:     12   Next: 4%
Magic:  14/16      EV: 10    Int:  8    God:    Okawaru [*****.]
Gold:   627        SH: 14    Dex: 11    Spells: 12/12 levels left

rFire    + . .     SeeInvis .   o - +1 broad axe (venom)
rCold    . . .     Gourm    .   c - +0 kite shield
rNeg     . . .     Faith    .   s - +0 plate armour
rPois    .         Spirit   .   u - +0 helmet
rElec    .         Reflect  .   D - +2 cloak {+Inv}
rCorr    .         Harm     .   z - +0 pair of gloves
MR       .....                  j - +1 pair of boots
Stlth    ..........             (no amulet)
HPRegen  0.27/turn              m - ring of protection from fire
MPRegen  0.15/turn              (no ring)

@: heroism, very slightly contaminated, invisible
A: no striking features
a: Heroism, Finesse, Renounce Religion


You were on level 1 of the Orcish Mines.
You worshipped Okawaru.
Okawaru was extremely pleased with you.
You were not hungry.

You visited 3 branches of the dungeon, and saw 12 of its levels.

You collected 1109 gold pieces.
You spent 482 gold pieces at shops.

Inventory:

Hand Weapons
 o - a +1 broad axe of venom (weapon)
 F - a +2 flail of draining
Missiles
 g - 5 boomerangs of dispersal
 r - 3 boomerangs (quivered)
 t - 12 javelins
Armour
 c - a +0 kite shield (worn)
 j - a +1 pair of boots (worn)
 s - a +0 plate armour (worn)
 u - a +0 helmet (worn)
 z - a +0 pair of gloves (worn)
 D - a +2 cloak of invisibility (worn)
Jewellery
 m - a ring of protection from fire (left hand)
 A - an uncursed ring of positive energy {unknown}
 B - an uncursed amulet of harm {unknown}
Wands
 a - a wand of iceblast (8)
 v - a wand of disintegration (8)
 y - a wand of random effects (19)
 C - a wand of clouds (5)
Scrolls
 b - 3 scrolls of teleportation {unknown}
 d - a scroll of fog {unknown}
 e - 10 scrolls of identify
 h - 2 scrolls of enchant armour {unknown}
 i - 3 scrolls of fear {unknown}
 k - 2 scrolls of magic mapping {unknown}
 l - 3 scrolls of immolation {unknown}
 n - 2 scrolls of blinking {unknown}
 p - 7 scrolls of remove curse {unknown}
 q - a scroll of noise {unknown}
 w - 2 scrolls of amnesia {unknown}
Comestibles
 f - 18 rations


   Skills:
 * Level 9.0(14.0) Fighting
 + Level 12.1(17.1) Axes
 + Level 2.3(7.3) Throwing
 * Level 9.8(14.8) Armour
 + Level 1.6(6.6) Dodging
 * Level 11.7(16.7) Shields
 * Level 0.9 Spellcasting
 * Level 6.1 Invocations
 * Level 3.4 Evocations


You had 12 spell levels left.
You didn't know any spells.
Your spell library contained the following spells:

 Spells                   Type           Power        Failure   Level  Hunger
 Animate Skeleton         Necr           N/A          98%         1    ##.....
 Beastly Appendage        Tmut           #.....       98%         1    ##.....
 Freeze                   Ice            #...         98%         1    ##.....
 Pain                     Necr           #...         98%         1    ##.....
 Shock                    Conj/Air       #...         98%         1    ##.....
 Sticks to Snakes         Tmut           #.......     99%         2    ###....
 Swiftness                Chrm/Air       #.......     99%         2    ###....
 Frozen Ramparts          Ice            #.....       100%        3    ####...
 Ozocubu's Armour         Chrm/Ice       #.......     100%        3    ####...
 Spider Form              Tmut/Pois      #.........   100%        3    ####...
 Static Discharge         Conj/Air       #.......     100%        3    ####...
 Vampiric Draining        Necr           #.........   100%        3    ####...
 Airstrike                Air            #.........   100%        4    #####..
 Animate Dead             Necr           N/A          100%        4    #####..
 Hailstorm                Conj/Ice       #.......     100%        4    #####..
 Ice Form                 Ice/Tmut       #.......     100%        4    #####..
 Summon Ice Beast         Ice/Summ       #.......     100%        4    #####..
 Agony                    Necr           #.......     100%        5    ######.
 Blade Hands              Tmut           #.........   100%        5    ######.
 Lightning Bolt           Conj/Air       #.........   100%        5    ######.


Dungeon Overview and Level Annotations

Branches:
Dungeon (9/15)             Temple (1/1) D:7             Orc (2/2) D:9
    Elf (0/3) Orc:2
   Lair: D:8-11

Altars:
Ashenzari
Cheibriados
Dithmenos
Elyvilon
Fedhas
Gozag
Hepliaklqana
Kikubaaqudgha
Makhleb
Nemelex Xobeh
Okawaru
Qazlal
Ru
Sif Muna
Trog
Uskayaw
Vehumet
Wu Jian
Xom
Yredelemnul
Zin
The Shining One

Shops:
D:5 (([[


Message History

You slice the orc!!
You kill the orc!
You hit the orc.
The orc is poisoned.
The orc wizard casts a spell at you. You block the puff of flame.
The orc closely misses you.
You barely miss the orc wizard.
You hit the orc warrior but do no damage.
You hit the orc.
You kill the orc!
Okawaru accepts your kill.
The orc priest calls down the wrath of Beogh upon you.
Beogh smites you!
* * * LOW HITPOINT WARNING * * *
You block the orc wizard's attack. You block the orc warrior's attack.
You aren't carrying any potions.
You fade into invisibility!
You are very lightly contaminated with residual magic.
You feel quite a bit more hungry. You block the orc wizard's attack.
The orc warrior hits you with a +1 long sword of venom!
You die...

##....
...... #....
####...
###.....#
#......^#
#.).o##
#..>o.#
###..@#
#..))o.....#
#...........
####.......#
#.#....##
####..## ###


You could see an orc warrior, an orc priest and an orc wizard.

Vanquished Creatures
  3 two-headed ogres
  Maggie (D:6)
  A queen bee (D:9)
  2 trolls
  2 hippogriffs
  Eustachio (D:5)
  A steam dragon (D:8)
  Menkaure (D:4)
  3 wargs
  Edmund (D:4)
  A sky beast (D:9)
  3 black bears
  21 orc warriors
  4 phantoms
  15 centaurs
  A necrophage (D:6)
  21 ogres
  4 bullfrogs
  4 big kobolds
  5 gnoll sergeants
  A water moccasin zombie (D:7)
  A wyvern skeleton (D:7)
  A scorpion (D:5)
  4 wights (D:8)
  24 killer bees
  A howler monkey (D:4)
  A centaur zombie (D:5)
  2 crimson imps
  6 orc priests
  5 hounds
  2 jellies
  An iron imp (D:5)
  A bullfrog skeleton (D:4)
  3 iguanas
  9 orc wizards
  10 worker ants
  A hound skeleton (D:5)
  11 gnolls
  13 adders
  2 shadow imps
  An ooze (D:7)
  2 adder skeletons (D:4)
  3 worms
  2 dart slugs (D:3)
  8 leopard geckos
  51 orcs
  4 giant cockroaches
  7 goblins
  5 hobgoblins
  7 jackals
  6 quokkas
  2 ball pythons
  5 bats
  10 frilled lizards
  20 kobolds
  A leopard gecko skeleton (D:4)
  A leopard gecko zombie (D:7)
  12 rats
341 creatures vanquished.

Vanquished Creatures (others)
  A centaur (Orc:2)
  An orc priest (Orc:2)
  A leopard gecko (D:6)
3 creatures vanquished.

Grand Total: 344 creatures vanquished

Notes
Turn   | Place    | Note
-------+----------+-------------------------------------------
     0 | D:1      | Error4North the Hill Orc Fighter began the quest for the
                  | Orb.
     0 | D:1      | Reached XP level 1. HP: 19/19 MP: 1/1
   152 | D:1      | Reached XP level 2. HP: 22/27 MP: 2/2
   626 | D:1      | Reached skill level 3 in Axes
   674 | D:2      | Reached XP level 3. HP: 31/33 MP: 3/3
   818 | D:2      | Reached XP level 4. HP: 31/40 MP: 4/4
  1877 | D:3      | Found a radiant altar of Vehumet.
  1886 | D:3      | Reached XP level 5. HP: 30/46 MP: 5/5
  2000 | D:3      | Reached skill level 4 in Axes
  2258 | D:3      | Reached skill level 5 in Armour
  2258 | D:3      | Reached XP level 6. HP: 16/52 MP: 6/6
  2677 | D:4      | Reached skill level 5 in Axes
  2848 | D:4      | Reached skill level 5 in Shields
  2966 | D:4      | Reached XP level 7. HP: 58/59 MP: 7/7
  3300 | D:4      | Found a white marble altar of Elyvilon.
  3504 | D:4      | Reached skill level 6 in Axes
  3682 | D:4      | Noticed Edmund
  3689 | D:4      | Killed Edmund
  3900 | D:5      | Entered Level 5 of the Dungeon
  3900 | D:5      | Noticed Eustachio
  3986 | D:5      | Found Fiwumnub's Antique Armour Boutique.
  4010 | D:5      | Noticed Menkaure
  4242 | D:4      | Reached XP level 8. HP: 57/67 MP: 8/8
  4267 | D:4      | Killed Menkaure
  4267 | D:4      | Reached skill level 7 in Axes
  4741 | D:5      | Reached skill level 1 in Dodging
  4820 | D:5      | Found Wipozee's Armour Emporium.
  4881 | D:5      | Reached skill level 5 in Fighting
  5078 | D:5      | Found Niduclu's Weapon Emporium.
  5088 | D:5      | Found Notwul's Antique Weapon Emporium.
  5186 | D:5      | Found a snail-covered altar of Cheibriados.
  5224 | D:5      | Killed Eustachio
  5327 | D:5      | Found a sacrificial altar of Ru.
  5457 | D:6      | Reached XP level 9. HP: 74/74 MP: 9/9
  5495 | D:6      | Noticed Maggie
  5515 | D:6      | Reached skill level 8 in Axes
  5540 | D:6      | Killed Maggie
  5696 | D:6      | Found a stormy altar of Qazlal.
  6081 | D:6      | Found a burning altar of Makhleb.
  6430 | D:6      | Reached skill level 9 in Axes
  6430 | D:6      | Reached skill level 1 in Throwing
  6444 | D:7      | Found a bloodstained altar of Trog.
  6883 | D:7      | Found a staircase to the Ecumenical Temple.
  6888 | Temple   | Entered the Ecumenical Temple
  6991 | Temple   | Became a worshipper of Warmaster Okawaru
  7229 | D:7      | Reached XP level 10. HP: 82/83 MP: 10/10
  7605 | D:8      | Reached skill level 10 in Axes
  7696 | D:8      | Found a glowing silver altar of Zin.
  7897 | D:5      | Bought a runed broad axe for 231 gold pieces
  7940 | D:5      | Bought a +0 pair of gloves for 49 gold pieces
  8190 | D:8      | Reached * piety under Okawaru
  8427 | D:8      | Found a glowing golden altar of the Shining One.
  8876 | D:9      | Noticed a two-headed ogre
  8890 | D:8      | Killed a two-headed ogre
  8890 | D:8      | Reached ** piety under Okawaru
  8890 | D:8      | Reached skill level 1 in Invocations
  9084 | D:9      | Reached skill level 10 in Shields
  9107 | D:9      | Noticed a two-headed ogre
  9124 | D:9      | Killed a two-headed ogre
  9124 | D:9      | Reached skill level 11 in Axes
  9124 | D:9      | Reached skill level 1 in Evocations
  9536 | D:9      | Found a shadowy altar of Dithmenos.
  9583 | D:9      | Found a staircase to the Orcish Mines.
  9604 | D:9      | Reached XP level 11. HP: 51/94 MP: 6/13
 10406 | D:9      | Reached *** piety under Okawaru
 10739 | Orc:1    | Entered Level 1 of the Orcish Mines
 11209 | Orc:1    | Reached **** piety under Okawaru
 11374 | Orc:2    | Entered Level 2 of the Orcish Mines
 11374 | Orc:2    | Noticed a two-headed ogre
 11592 | D:5      | Bought a runed cloak for 202 gold pieces
 11792 | Orc:1    | Killed a two-headed ogre
 12087 | Orc:1    | Reached skill level 5 in Invocations
 12479 | Orc:2    | Found a staircase to the Elven Halls.
 12562 | Orc:2    | Reached skill level 12 in Axes
 12829 | Orc:1    | Reached ***** piety under Okawaru
 13061 | Orc:2    | HP: 2/95 [orc warrior/bolt (6)]
 13447 | Orc:2    | Reached XP level 12. HP: 44/103 MP: 16/16
 13734 | Orc:1    | HP: 3/104 [orc priest/divine providence (13)]
 13735 | Orc:1    | Slain by an orc warrior

Levels and vault maps discovered:
D:1:      dpeg_arrival_subterranean_lakeside_camping, layout_basic
D:2:      layout_basic
D:3:      layout_rooms, old_standard_altar, minmay_unequal
D:4:      layout_basic, marbit_many_paths, first_ration,
          minmay_fractal_squares_5, uniq_edmund
D:5:      layout_rooms, slow_altar_2, serial_shops, nicolae_shop_stone,
          nicolae_shop_statue_plus, shop, shop_fountains,
          nicolae_ru_path_of_blood, uniq_eustachio, uniq_menkaure
D:6:      nicolae_whirlpool, layout_rooms, nicolae_qazlal_style_of_elements,
          lemuel_crystal_altar, corexii_item_surrounded_by_moat, uniq_maggie
D:7:      statuecave_lemuel, layout_basic, trog_ov_bears_minmay, temple_doors_e,
          hex_large, grunt_ogre_cave, minmay_fountain_box
D:8:      layout_basic, kennysheep_little_box, basic_altar, glass_columns_b
D:9:      layout_rooms, kennysheep_orc_monster_closet_entryway, special_room
          [special_room_bee], minivault_1, chequers_arboretum,
          minmay_variable_closet, kennysheep_cross_bottleneck,
          kennysheep_decorative_pillar, nicolae_dithmenos_the_darkroom
Temple:   regret_index_temple_generic_petals
Orc:1:    layout_diamond_mine
Orc:2:    st_orc_rangers, layout_caves, roderic_batcave

Skill      XL: |  1  2  3  4  5  6  7  8  9 10 11 12 |
---------------+-------------------------------------+-----
Axes           | 3 4 5 6 7 9 11 12 | 12.1
Armour         | 4 5 6 7 8 9 |  9.8
Shields        | 4 5 6 7 9 10 11 | 11.7
Fighting       | 4 5 6 8 9 |  9.0
Dodging        | 1 |  1.6
Throwing       | 1 2 |  2.3
Invocations    | 2 5 6 |  6.1
Evocations     | 1 3 |  3.4
Spellcasting   | |  0.9

Action                   |  1- 3 |  4- 6 |  7- 9 | 10-12 || total
-------------------------+-------+-------+-------+-------++-------
Melee: War axe           |    83 |   255 |   264 |       ||   602
       Broad axe         |       |       |   120 |   512 ||   632
Throw: Boomerang         |       |       |    15 |    78 ||    93
Invok: Heroism           |       |       |       |    11 ||    11
       Finesse           |       |       |       |     1 ||     1
 Abil: Evoke Invisibilit |       |       |       |     2 ||     2
Evoke: Wand              |       |       |       |     1 ||     1
  Use: Potion            |       |     7 |     7 |    11 ||    25
       Scroll            |       |       |     1 |     1 ||     2
 Stab: Invisible         |       |       |       |     3 ||     3
  Eat: Chunk             |       |     7 |    10 |     7 ||    24
       Ration            |       |       |     1 |     5 ||     6
Armor: Scale mail        |    35 |    41 |       |       ||    76
       Chain mail        |       |   149 |   167 |       ||   316
       Plate armour      |       |       |   104 |   357 ||   461
Dodge: Dodged            |    27 |    71 |   103 |   203 ||   404
Block: Kite shield       |    47 |   149 |   285 |   529 ||  1010

Table legend:
 A = Non-vault XP
 B = Vault XP
 C = Vault XP percentage of total XP
 D = Non-vault monster count
 E = Vault monster count
 F = Vault count percentage of total count
                 A         B        C        D         E       F
            +---------+---------+-------+---------+---------+-------
      Total |   11149 |    7803 |  41.2 |     242 |      99 |  29.0
            +---------+---------+-------+---------+---------+-------
        D:1 |      24 |       9 |  27.3 |      18 |       6 |  25.0
        D:2 |      99 |       0 |   0.0 |      23 |       0 |   0.0
        D:3 |     205 |      31 |  13.1 |      34 |       5 |  12.8
        D:4 |     720 |     423 |  37.0 |      30 |      11 |  26.8
        D:5 |     572 |     242 |  29.7 |      15 |       2 |  11.8
        D:6 |     524 |     860 |  62.1 |      11 |       5 |  31.2
        D:7 |     947 |     251 |  21.0 |      19 |       2 |   9.5
        D:8 |    2383 |     281 |  10.5 |      30 |       4 |  11.8
        D:9 |    2210 |    3445 |  60.9 |      19 |      41 |  68.3
      Orc:1 |    2739 |     387 |  12.4 |      31 |       4 |  11.4
      Orc:2 |     726 |    1874 |  72.1 |      12 |      19 |  61.3
            +---------+---------+-------+---------+---------+-------
